[Event "DVM U20w 2021"]
[Site "Kiel"]
[Date "2022.07.23"]
[Round "2"]
[White "Peglau, Mirjam"]
[Black "Mohammad Dawed, Lizan"]
[Result "1-0"]
[ECO "D02"]
[WhiteElo "1876"]
[BlackElo "799"]
[Annotator "NA RC COMBH"]
[PlyCount "71"]
[EventDate "2022.07.23"]
[EventType "team-tourn"]
[EventRounds "7"]
[EventCountry "GER"]
[SourceTitle "playchess.com"]
[Source "ChessBase"]
[SourceQuality "1"]
[TimeControl "40/5400+30:1800+30"]

1. d4 d5 2. Nf3 Bf5 3. Bf4 e6 4. e3 Nf6 5. Bd3 Bxd3 6. Qxd3 Ne4 7. O-O Nd7 8. c4 c6 9. Nc3 g5 10. Bg3 Nxg3 11. hxg3 Be7 12. Rac1 g4 13. Nd2 h5 14. cxd5 exd5 15. Qf5 Nb6 16. f3 h4 17. fxg4 h3 18. Qxf7+ Kd7 19. Qf5+ Kc7 20. Nb5+ Kb8 21. Qe5+ Bd6 22. Nxd6 Nd7 23. Qf4 Rf8 24. Nf5+ Kc8 25. gxh3 Rf6 26. g5 Rg6 27. h4 Nf8 28. Nf3 Ne6 29. Qe5 Qc7 30. Qh8+ Nd8 31. Ne5 Re6 32. g6 b6 33. g7 Kb7 34. g8=Q c5 35. Qgg7 Nc6 36. Qxa8+ 1-0

[Event "DVM U20w 2021"]
[Site "Kiel"]
[Date "2022.07.23"]
[Round "2"]
[White "Basovskiy, Jana"]
[Black "Rempe, Mieke"]
[Result "1-0"]
[ECO "B12"]
[WhiteElo "1867"]
[BlackElo "1646"]
[Annotator "NA RC COMBH"]
[PlyCount "75"]
[EventDate "2022.07.23"]
[EventType "team-tourn"]
[EventRounds "7"]
[EventCountry "GER"]
[SourceTitle "playchess.com"]
[Source "ChessBase"]
[SourceQuality "1"]
[TimeControl "40/5400+30:1800+30"]

1. e4 c6 2. d4 d5 3. e5 Bf5 4. h4 h5 5. Bg5 Qb6 6. Bd3 Bxd3 7. Qxd3 Qxb2 8. e6 Nf6 9. Nf3 fxe6 10. Ne5 Qxa1 11. Qg6+ Kd8 12. Nf7+ Kc8 13. O-O Rg8 14. Bxf6 exf6 15. Qh7 Qxd4 16. Qxg8 Nd7 17. Nh8 Kc7 18. Qxe6 Qxh4 19. Ng6 Qg5 20. Nxf8 Rxf8 21. Re1 h4 22. Kf1 Qf4 23. Kg1 g5 24. Qh3 Ne5 25. Qe6 Ng4 26. Qe7+ Kb6 27. f3 Qh2+ 28. Kf1 Qh1+ 29. Ke2 Qxg2+ 30. Kd1 Qxf3+ 31. Kc1 Qf4+ 32. Kb2 Rh8 33. Nc3 h3 34. Nxd5+ cxd5 35. Re6+ Ka5 36. Qc5+ Ka4 37. Qxa7+ Kb5 38. Qxb7+ 1-0

[Event "DVM U20w 2021"]
[Site "Kiel"]
[Date "2022.07.23"]
[Round "2"]
[White "Muedder, Melanie"]
[Black "Hrebenshchykova, Yelyzaveta"]
[Result "0-1"]
[ECO "B47"]
[WhiteElo "1865"]
[BlackElo "2088"]
[Annotator "TA"]
[PlyCount "129"]
[EventDate "2022.07.23"]
[EventType "team-tourn"]
[EventRounds "7"]
[EventCountry "GER"]
[SourceTitle "playchess.com"]
[Source "ChessBase"]
[SourceQuality "1"]
[TimeControl "40/5400+30:1800+30"]

1. e4 c5 2. Nf3 e6 3. d4 cxd4 4. Nxd4 Nc6 5. Nc3 Qc7 6. Qd3 {[%emt 0:00:31] B47: Sicilian: Taimanov: 5 Nc3 Qc7 6 f4, 6 g3 and 6 Be2.} a6 {[%emt 0:13:05] Against Ndb5} 7. Nxc6 bxc6 {[%emt 0:09:59] 7...Qxc6 injects fresh life into this line.} 8. Qg3 {[%emt 0:02:56] White is slightly better.} Qxg3 9. hxg3 d5 10. Na4 {[%emt 0:04:31] Hoping for Nb6.} Bb7 11. Be3 Nf6 {[%emt 0:01:07][%cal Bg8f6,Bf6d7,Bd7e5][%mdl 32] [#]} 12. f3 $146 ({Predecessor:} 12. exd5 cxd5 13. Nc5 Bc8 14. Be2 Nd7 15. Nxd7 Bxd7 16. c4 Bb4+ 17. Bd2 Bxd2+ 18. Kxd2 {½-½ (33) Pulpan,J (2414)-Panesso Rivera,H (2380) Pardubice 2019}) 12... Nd7 13. exd5 cxd5 14. c4 dxc4 (14... Bc6 $5 15. Nc3 dxc4 $11) 15. Bxc4 Rc8 16. Rc1 Ne5 17. Be2 Rxc1+ 18. Bxc1 Bd6 19. Kf2 Ke7 20. Be3 Nd7 21. Rh5 f5 22. Rh4 h6 23. Rc4 Bd5 24. Rc1 Bxa2 25. Bxa6 Rb8 26. Bc4 Bxc4 27. Rxc4 Ne5 28. Rc3 Nd7 29. b3 (29. Rc4 $1 $11) 29... g5 30. f4 {[%emt 0:08:09] [#]} (30. Bd4 $15) 30... Nf6 $1 $17 {[%emt 0:01:14] aiming for ...Ne4+.} 31. Nc5 (31. Rd3 $17) 31... Nd5 32. Rc4 g4 33. Bd4 h5 ({Better is} 33... Rb5 $17 34. Ke2 Kf7) 34. Ra4 $15 Rc8 35. Ra7+ Rc7 36. Rxc7+ Bxc7 $11 {[%emt 0:00:04][%mdl 4096] Endgame KBN-KBN} 37. Nd3 Bd6 38. Ne5 Bxe5 39. Bxe5 $15 {[%emt 0:00:22] KB-KN} Kd7 40. Ke2 Kc6 41. Kd3 Kb5 42. Bd6 Nf6 43. Be7 Ne4 44. Bh4 Kc5 45. b4+ {[%emt 0:06:54] [#]} (45. Be7+ $11 {keeps the balance.} Kd5 46. Bh4) 45... Kd5 $1 $17 ({Of course not} 45... Kxb4 $6 46. Kd4 Kb5 47. Ke5 $11) 46. b5 Kc5 47. Ke3 Kxb5 48. Kd4 Kc6 49. Kc4 Kc7 50. Kd3 Kd7 51. Kc4 Kc6 52. Kb4 $2 {[%emt 0:00:06][%mdl 8192] This move loses the game for White.} (52. Kd4 $17) 52... Kd5 53. Kb5 Kd4 54. Kc6 e5 (54... Ke3 $142 55. Kd7 Kf2) 55. Kd7 exf4 {[%emt 0:00:32] Black mates.} 56. gxf4 Ke3 57. Bg5 Kf2 58. Ke6 Ng3 59. Kf6 Kxg2 60. Kg6 Kf3 61. Kf6 Ne4+ 62. Kxf5 g3 63. Bd8 g2 64. Bb6 Nf2 65. Bc5 {[%emt 0:00:40] Weighted Error Value: White=0.34/Black=0.22 (precise)} 0-1

[Event "DVM U20w 2021"]
[Site "Kiel"]
[Date "2022.07.23"]
[Round "2"]
[White "Fock, Sana"]
[Black "Brunner, Sophia"]
[Result "1/2-1/2"]
[ECO "C04"]
[WhiteElo "1807"]
[BlackElo "1804"]
[Annotator "NA RC COMBH"]
[PlyCount "42"]
[EventDate "2022.07.23"]
[EventType "team-tourn"]
[EventRounds "7"]
[EventCountry "GER"]
[SourceTitle "playchess.com"]
[Source "ChessBase"]
[SourceQuality "1"]
[TimeControl "40/5400+30:1800+30"]

1. e4 e6 2. d4 d5 3. Nd2 Nc6 4. c3 e5 5. dxe5 Nxe5 6. Ngf3 Bg4 7. Be2 Nxf3+ 8. Bxf3 Bxf3 9. Nxf3 dxe4 10. Qa4+ c6 11. Qxe4+ Qe7 12. Qxe7+ Nxe7 13. Nd4 O-O-O 14. O-O Nd5 15. a4 Bc5 16. Nb3 Bd6 17. Bg5 f6 18. Bd2 Rhe8 19. Rfe1 g6 20. h3 Kd7 21. Kf1 b6 1/2-1/2

[Event "DVM U20w 2021"]
[Site "Kiel"]
[Date "2022.07.23"]
[Round "2"]
[White "Peglau, Sarah"]
[Black "Tabakh, Najat"]
[Result "1-0"]
[ECO "D00"]
[WhiteElo "1782"]
[BlackElo "1313"]
[Annotator "NA RC COMBH"]
[PlyCount "79"]
[EventDate "2022.07.23"]
[EventType "team-tourn"]
[EventRounds "7"]
[EventCountry "GER"]
[SourceTitle "playchess.com"]
[Source "ChessBase"]
[SourceQuality "1"]
[TimeControl "40/5400+30:1800+30"]

1. g3 d5 2. d4 Nc6 3. Bg2 Bf5 4. Bf4 a6 5. e3 e6 6. h4 Nf6 7. c4 Nb4 8. Na3 Nd3+ 9. Kf1 Nxb2 10. Qb3 Bxa3 11. Qxa3 Nxc4 12. Qb4 Nb6 13. a4 Rb8 14. Rc1 Nc4 15. Ne2 Bd3 16. Rc3 Be4 17. f3 Bg6 18. e4 Qd7 19. e5 Nh5 20. Bc1 f6 21. g4 fxe5 22. gxh5 exd4 23. Rxc4 dxc4 24. hxg6 hxg6 25. Qxc4 d3 26. Nd4 e5 27. Qe6+ Qxe6 28. Nxe6 Ke7 29. Bh3 b5 30. axb5 Rxb5 31. Nxc7 Rb1 32. Kg2 Rb3 33. Nxa6 Rd8 34. Bg5+ Ke8 35. Nc7+ Kf8 36. Ne6+ Kg8 37. Nxd8 Rb4 38. Nc6 Rb2+ 39. Kg3 Rb5 40. Rd1 1-0

[Event "DVM U20w 2021"]
[Site "Kiel"]
[Date "2022.07.23"]
[Round "2"]
[White "Sereda, Yaroslava"]
[Black "Albayrak, Berrak"]
[Result "1/2-1/2"]
[ECO "B07"]
[WhiteElo "1781"]
[BlackElo "1592"]
[Annotator "NA RC COMBH"]
[PlyCount "119"]
[EventDate "2022.07.23"]
[EventType "team-tourn"]
[EventRounds "7"]
[EventCountry "GER"]
[SourceTitle "playchess.com"]
[Source "ChessBase"]
[SourceQuality "1"]
[TimeControl "40/5400+30:1800+30"]

1. e4 d6 2. d4 Nf6 3. Nc3 g6 4. Be3 c6 5. Qd2 b5 6. f3 Qa5 7. O-O-O Nbd7 8. d5 b4 9. dxc6 bxc3 10. cxd7+ Bxd7 11. Qxc3 Qxa2 12. Bc4 Qa1+ 13. Kd2 Qa4 14. Bb3 Qc6 15. Qxc6 Bxc6 16. Ra1 a6 17. Ne2 Nd7 18. Bc4 Bg7 19. c3 Rb8 20. Rxa6 Ne5 21. b3 O-O 22. Bd4 Nxc4+ 23. bxc4 Rb2+ 24. Kd3 Bd7 25. Ra7 Be6 26. Bxg7 Kxg7 27. Nf4 Kf6 28. Nd5+ Bxd5 29. cxd5 Rxg2 30. Ra6 Rb8 31. f4 Kg7 32. Ra7 Kf6 33. Ra6 Rd8 34. e5+ Kf5 35. exd6 Rxd6 36. Rxd6 exd6 37. Kc4 Rd2 38. h4 h6 39. h5 Kxf4 40. hxg6 fxg6 41. Rxh6 Kf5 42. Rh8 Rb2 43. Rd8 Rb6 44. Rc8 Rb7 45. Kd4 Kf6 46. Re8 Rd7 47. Re6+ Kf5 48. c4 g5 49. Re8 g4 50. Rf8+ Kg5 51. c5 dxc5+ 52. Kxc5 g3 53. Rg8+ Kf4 54. Kc6 Rf7 55. d6 Kf3 56. d7 Rxd7 57. Kxd7 g2 58. Ke6 Kf2 59. Rf8+ Kg3 60. Kd5 1/2-1/2

[Event "DVM U20w 2021"]
[Site "Kiel"]
[Date "2022.07.23"]
[Round "2"]
[White "Wilmink, Anna"]
[Black "Margaryan, Susanna"]
[Result "1-0"]
[ECO "B10"]
[WhiteElo "1692"]
[BlackElo "1436"]
[Annotator "NA RC COMBH"]
[PlyCount "79"]
[EventDate "2022.07.23"]
[EventType "team-tourn"]
[EventRounds "7"]
[EventCountry "GER"]
[SourceTitle "playchess.com"]
[Source "ChessBase"]
[SourceQuality "1"]
[TimeControl "40/5400+30:1800+30"]

1. e4 c6 2. Nf3 d5 3. d3 dxe4 4. dxe4 Qxd1+ 5. Kxd1 Bg4 6. Be2 Nd7 7. Ne1 Bxe2+ 8. Kxe2 Ngf6 9. f3 e5 10. Nd3 Bd6 11. Be3 h6 12. Nd2 O-O-O 13. a4 g5 14. b4 g4 15. b5 c5 16. Nc4 gxf3+ 17. gxf3 Kc7 18. Rad1 b6 19. Nxd6 Kxd6 20. Nxc5+ Kc7 21. Na6+ Kb7 22. Rd6 Rc8 23. Rc1 Rc4 24. Ke1 Rxa4 25. Rcd1 Kc8 26. Rc6+ Kd8 27. Rxf6 Ke7 28. Rc6 Rg8 29. Rc7 Rd8 30. Rxa7 Rc4 31. Bxb6 Rdc8 32. Raxd7+ Ke8 33. Rd8+ Rxd8 34. Rxd8+ Ke7 35. Kd2 Ra4 36. Rd5 f6 37. Bd8+ Kf7 38. Nc5 Ra8 39. b6 Ke8 40. Bc7 1-0

[Event "DVM U20w 2021"]
[Site "Kiel"]
[Date "2022.07.23"]
[Round "2"]
[White "Sickmann, Lisa"]
[Black "Grining, Maria"]
[Result "1-0"]
[ECO "B07"]
[WhiteElo "1672"]
[BlackElo "1750"]
[Annotator "NA RC COMBH"]
[PlyCount "81"]
[EventDate "2022.07.23"]
[EventType "team-tourn"]
[EventRounds "7"]
[EventCountry "GER"]
[SourceTitle "playchess.com"]
[Source "ChessBase"]
[SourceQuality "1"]
[TimeControl "40/5400+30:1800+30"]

1. e4 d6 2. d4 Nd7 3. g3 e5 4. Nf3 c6 5. Bg2 Be7 6. O-O Ngf6 7. Nc3 h6 8. b3 Qc7 9. Bb2 Nf8 10. Qd3 Ng6 11. Ne2 O-O 12. c4 exd4 13. Nexd4 Re8 14. Rad1 Bg4 15. h3 Ne5 16. Qe3 Nxf3+ 17. Nxf3 Bxf3 18. Qxf3 Nd7 19. Rfe1 Bf6 20. Bc1 Ne5 21. Qf5 Re6 22. Qh5 Ng6 23. f4 Nf8 24. Kh2 g6 25. Qxh6 Qa5 26. a3 Qc5 27. a4 Qb4 28. f5 gxf5 29. Bd2 Bc3 30. Qg5+ Rg6 31. Qf4 Bxd2 32. Rxd2 fxe4 33. Bxe4 Re6 34. Rf1 f6 35. Bf5 Re5 36. Rdf2 Rae8 37. Qg4+ Kh8 38. Bg6 Nxg6 39. Qxg6 f5 40. Rxf5 Re2+ 41. Kh1 1-0

[Event "DVM U20w 2021"]
[Site "Kiel"]
[Date "2022.07.23"]
[Round "2"]
[White "Albayrak, Nese Pinar"]
[Black "Rudolph, Eva"]
[Result "0-1"]
[ECO "B43"]
[WhiteElo "1651"]
[BlackElo "1892"]
[Annotator "NA RC COMBH"]
[PlyCount "64"]
[EventDate "2022.07.23"]
[EventType "team-tourn"]
[EventRounds "7"]
[EventCountry "GER"]
[SourceTitle "playchess.com"]
[Source "ChessBase"]
[SourceQuality "1"]
[TimeControl "40/5400+30:1800+30"]

1. e4 c5 2. Nf3 e6 3. d4 cxd4 4. Nxd4 a6 5. Nc3 Qc7 6. Be3 Bb4 7. Bd2 Nf6 8. Bd3 b5 9. O-O Be7 10. Kh1 Bb7 11. a3 d6 12. f4 Nbd7 13. Qe2 Rc8 14. Rae1 Nc5 15. e5 Nd5 16. f5 Nxd3 17. exd6 Nxc3 18. Bxc3 Qxd6 19. cxd3 e5 20. Qxe5 Qxe5 21. Rxe5 f6 22. Re2 Kf7 23. Rfe1 Rhe8 24. Ne6 Bd6 25. Kg1 Bd5 26. Bd2 Rc2 27. Bf4 Bc5+ 28. d4 Rxe2 29. Rxe2 Bb6 30. Kf1 Bc4 31. Be3 g6 32. Nf4 Rxe3 0-1

[Event "DVM U20w 2021"]
[Site "Kiel"]
[Date "2022.07.23"]
[Round "2"]
[White "Malinowsky, Celina"]
[Black "Hoffmann, Sophia"]
[Result "0-1"]
[ECO "C54"]
[WhiteElo "1519"]
[BlackElo "1214"]
[Annotator "NA RC COMBH"]
[PlyCount "80"]
[EventDate "2022.07.23"]
[EventType "team-tourn"]
[EventRounds "7"]
[EventCountry "GER"]
[SourceTitle "playchess.com"]
[Source "ChessBase"]
[SourceQuality "1"]
[TimeControl "40/5400+30:1800+30"]

1. e4 e5 2. Nf3 Nc6 3. Bc4 Bc5 4. c3 Nf6 5. d3 d6 6. Nbd2 Be6 7. Bxe6 fxe6 8. Qb3 Qc8 9. O-O O-O 10. Re1 Bb6 11. Nf1 Qe8 12. Ng3 Ng4 13. Re2 Qg6 14. Be3 Nxe3 15. fxe3 Rf6 16. Rf1 Raf8 17. Nf5 Qg4 18. Ng3 h5 19. Nf5 Na5 20. h3 Qxf3 21. Rxf3 Nxb3 22. Ne7+ Kf7 23. axb3 Rxf3 24. gxf3 Kxe7 25. Kg2 h4 26. d4 exd4 27. exd4 Rf6 28. Re1 Rg6+ 29. Kf2 e5 30. Ke3 Rg2 31. Rh1 Rxb2 32. Rg1 Kf6 33. Rg4 g5 34. Kd3 Rh2 35. Rg1 Rxh3 36. Rf1 g4 37. Ke2 Rxf3 38. Rg1 Kg5 39. dxe5 Bxg1 40. e6 Kf6 0-1

[Event "DVM U20w 2021"]
[Site "Kiel"]
[Date "2022.07.23"]
[Round "2"]
[White "Eichhorn, Elisabeth"]
[Black "Rempe, Janne"]
[Result "0-1"]
[ECO "A46"]
[WhiteElo "1325"]
[BlackElo "1497"]
[Annotator "NA COMBH"]
[PlyCount "62"]
[EventDate "2022.07.23"]
[EventType "team-tourn"]
[EventRounds "7"]
[EventCountry "GER"]
[SourceTitle "playchess.com"]
[Source "ChessBase"]
[SourceQuality "1"]
[TimeControl "40/5400+30:1800+30"]

1. d4 d6 2. Nf3 Nf6 3. Bf4 Nbd7 4. e3 c6 5. Bd3 Qc7 6. Bg3 e5 7. Nbd2 Be7 8. h3 O-O 9. c3 exd4 10. cxd4 Re8 11. Qc2 Nf8 12. Ng5 Ng6 13. Ndf3 Nh5 14. Bh2 Bxg5 15. Nxg5 Qa5+ 16. Qc3 Qxg5 17. g4 Nhf4 18. Bf1 Nd5 19. Qd2 c5 20. O-O-O cxd4 21. Qxd4 Be6 22. Bg2 Rac8+ 23. Kb1 Nb6 24. f4 Qa5 25. a3 Nc4 26. Rd3 Rc5 27. Rc3 Rb5 28. Kc1 Rxb2 29. Kd1 Rxg2 30. Rxc4 Bxc4 31. Qxc4 Qd2# 0-1

[Event "DVM U20w 2021"]
[Site "Kiel"]
[Date "2022.07.23"]
[Round "2"]
[White "Tabakh, Tassnim"]
[Black "Peglau, Dora"]
[Result "0-1"]
[ECO "A08"]
[WhiteElo "1241"]
[BlackElo "1920"]
[Annotator "TA"]
[PlyCount "30"]
[EventDate "2022.07.23"]
[EventType "team-tourn"]
[EventRounds "7"]
[EventCountry "GER"]
[SourceTitle "playchess.com"]
[Source "ChessBase"]
[SourceQuality "1"]
[TimeControl "40/5400+30:1800+30"]

1. g3 d5 2. Bg2 Nf6 3. Nf3 c5 4. e3 Nc6 5. d3 g6 6. O-O {[%emt 0:01:30] A08: King's Indian Attack.} Bg7 {[%emt 0:00:11] [#]} 7. Re1 $146 ({Predecessor:} 7. Nbd2 O-O 8. Re1 Qc7 9. c3 e5 10. Qc2 h6 11. e4 dxe4 12. dxe4 Be6 13. Nf1 {1-0 (31) Novotny,J (2130)-Hunacek,J (1872) Czech Republic 2012}) 7... O-O 8. Qd2 {[%emt 0:04:10] Black is slightly better.} e5 9. Nc3 h6 10. Kh1 ({Better is} 10. d4 $15) 10... Be6 $36 {[%emt 0:01:21][%mdl 2048] Keeping White busy.} 11. e4 d4 12. Ne2 b5 {[%emt 0:03:03] Black is more active.} 13. b3 c4 14. bxc4 bxc4 15. dxc4 $2 {[%emt 0:03:01][%mdl 8192] [#]} (15. Nh4 $17 {is a better chance.}) 15... Nxe4 {[%emt 0:01:05] White got outplayed after the opening.  Weighted Error Value: White=0.91/Black=0.08 (flawless)} 0-1

[Event "DVM U20w 2021"]
[Site "Kiel"]
[Date "2022.07.23"]
[Round "2"]
[White "Xie, Kelly"]
[Black "Peglau, Charis"]
[Result "0-1"]
[ECO "B12"]
[WhiteElo "917"]
[BlackElo "1870"]
[Annotator "NA RC COMBH"]
[PlyCount "20"]
[EventDate "2022.07.23"]
[EventType "team-tourn"]
[EventRounds "7"]
[EventCountry "GER"]
[SourceTitle "playchess.com"]
[Source "ChessBase"]
[SourceQuality "1"]
[TimeControl "40/5400+30:1800+30"]

1. e4 c6 2. d4 d5 3. f3 e6 4. Nc3 Bb4 5. Bd2 Bxc3 6. Bxc3 dxe4 7. fxe4 Qh4+ 8. Kd2 Qf4+ 9. Kd3 b6 10. g3 Ba6# 0-1

[Event "DVM U20w 2021"]
[Site "Kiel"]
[Date "2022.07.24"]
[Round "3"]
[White "Falke, Ornella"]
[Black "Sickmann, Lisa"]
[Result "1/2-1/2"]
[ECO "D02"]
[WhiteElo "1912"]
[BlackElo "1672"]
[Annotator "TA"]
[PlyCount "67"]
[EventDate "2022.07.23"]
[EventType "team-tourn"]
[EventRounds "7"]
[EventCountry "GER"]
[SourceTitle "playchess.com"]
[Source "ChessBase"]
[SourceQuality "1"]
[TimeControl "40/5400+30:1800+30"]

1. d4 d5 2. Bf4 c5 3. e3 Nc6 4. Nf3 e6 5. Be2 Qb6 6. Nc3 {[%emt 0:02:32] [#] Threatens to win with Nb5. D02: 1 d4 d5 2 Nf3 sidelines, including 2...Nf6 3 g3 and 2...Nf6 3 Bf4.} a6 {[%emt 0:01:10] Against Nb5} 7. O-O Nf6 (7... cxd4 8. exd4 (8. Nxd4 Bd7) 8... Nf6) 8. Na4 {[%emt 0:05:49] White is slightly better.} Qa5 9. Nxc5 Bxc5 10. dxc5 Qxc5 {[%emt 0:00:27] [#]} 11. c4 $146 ({Predecessor:} 11. Ne5 O-O 12. Nxc6 bxc6 13. c4 a5 14. Rc1 Qb6 15. Be5 Nd7 16. Bd4 Qb4 17. Bc3 {1-0 (53) Danielian,E (2428)-Zimina,O (2408) Dresden 2004}) 11... O-O 12. a3 a5 (12... Rd8 $11) 13. Rc1 $16 Re8 (13... Qe7 $14) 14. Ne5 Ne7 (14... Qe7 $16 {was worth a try.}) 15. Bf3 (15. cxd5 Qxd5 16. Qc2) (15. cxd5 $18 Qxd5 16. Qc2) 15... Qb6 16. Qe2 (16. Qc2 {is interesting.} Ng6 17. Rfd1 Nxf4 18. exf4 Rd8 19. cxd5 exd5 20. Qc7) 16... Ng6 17. Nxg6 hxg6 18. Be5 Qa6 (18... Bd7 $1 $14) 19. Rfd1 Nd7 20. Bc7 {[%emt 0:03:24] White is much more active. The black rooks are badly placed.} Nf6 21. Qd2 (21. cxd5 $142 {Black must now prevent Qxa6.} Nxd5 22. Qxa6 Rxa6 23. h3 (23. Bxd5 exd5 24. Rxd5 a4 $16)) 21... dxc4 22. Qc2 Bd7 23. Rd6 Bc6 ({Weaker is} 23... Qb5 24. Rb6 (24. Qxc4 Qxb2 25. Rb6 Qxa3 $14) 24... Qc5 25. Qxc4 Qxc4 26. Rxc4 $16) 24. Bxc6 bxc6 25. Qxc4 (25. Qa4 {with more complications.} c3 26. Rxc3 Rec8 27. Rdxc6 Qe2 28. Rc1) 25... Qxc4 (25... Qb7 $11 {remains equal.} 26. Rxc6 (26. Qxc6 Qxb2 27. a4 Rec8 $15) 26... Qxb2) 26. Rxc4 Ra6 27. Rcxc6 ({Of course not} 27. Rdxc6 $6 Rxc6 28. Rxc6 Rc8 $11) ({White should play} 27. Bd8 $16) 27... Rxc6 $11 {[%emt 0:00:05] The position is equal.} 28. Rxc6 $16 {[%emt 0:00:03][%mdl 4096] Endgame KRB-KRN} Rc8 29. Rc5 Ne4 30. Rc4 Nd6 $1 31. Rc5 Ne4 32. Rc4 Nd6 $1 33. Rc5 Ne4 34. Rc4 {[%emt 0:00:56] Weighted Error Value: White=0.21 (precise) /Black=0.22 (precise)} 1/2-1/2

[Event "DVM U20w 2021"]
[Site "Kiel"]
[Date "2022.07.24"]
[Round "3"]
[White "Rudolph, Eva"]
[Black "Basovskiy, Jana"]
[Result "0-1"]
[ECO "B32"]
[WhiteElo "1892"]
[BlackElo "1867"]
[Annotator "NA RC COMBH"]
[PlyCount "58"]
[EventDate "2022.07.23"]
[EventType "team-tourn"]
[EventRounds "7"]
[EventCountry "GER"]
[SourceTitle "playchess.com"]
[Source "ChessBase"]
[SourceQuality "1"]
[TimeControl "40/5400+30:1800+30"]

1. e4 c5 2. Nf3 Nc6 3. d4 cxd4 4. Nxd4 e5 5. Nb5 a6 6. Nd6+ Bxd6 7. Qxd6 Qf6 8. Qd1 Qg6 9. Nc3 d5 10. Nxd5 ({But not} 10. exd5 Nd4 11. Bd3 Qxg2 $15) 10... Qxe4+ 11. Be3 Nd4 12. Nc7+ Ke7 13. Nxa8 Nxc2+ 14. Kd2 Nxe3 15. fxe3 Nf6 16. Bd3 Rd8 17. Kc2 Qxg2+ 18. Qe2 $2 (18. Qd2 Qxd2+ 19. Kxd2) 18... Qc6+ 19. Kb3 Be6+ {[%emt 0:00:30] Discovered Attack} 20. Bc4 Qb5+ 21. Ka3 $19 Qa5+ 22. Kb3 b5 23. Kc2 Bxc4 24. Qe1 Bd3+ 25. Kd1 Qa4+ 26. b3 Qg4+ 27. Kc1 b4 28. Nb6 Rc8+ 29. Nxc8+ Qxc8+ 0-1

[Event "DVM U20w 2021"]
[Site "Kiel"]
[Date "2022.07.24"]
[Round "3"]
[White "Peglau, Charis"]
[Black "Albayrak, Berrak"]
[Result "1-0"]
[ECO "E80"]
[WhiteElo "1870"]
[BlackElo "1592"]
[Annotator "NA RC COMBH"]
[PlyCount "63"]
[EventDate "2022.07.23"]
[EventType "team-tourn"]
[EventRounds "7"]
[EventCountry "GER"]
[SourceTitle "playchess.com"]
[Source "ChessBase"]
[SourceQuality "1"]
[TimeControl "40/5400+30:1800+30"]

1. d4 d6 2. c4 Nf6 3. Nc3 g6 4. e4 Bg7 5. f3 c6 6. Be3 Qc7 7. Qd2 h5 8. Bd3 Nbd7 9. Nge2 e5 10. d5 Nc5 11. Bc2 a5 12. O-O O-O 13. b3 Kh7 14. Rfd1 Ne8 15. Bxc5 $18 dxc5 16. d6 Qd7 17. Na4 Bh6 18. Qd3 Nf6 19. Nb6 Qd8 20. Nxa8 Bd7 21. Nc7 h4 22. Qc3 Nh5 23. Qxe5 Bg7 24. Qe7 Bxa1 25. Qxd8 Rxd8 26. Rxa1 Nf6 27. e5 Ne8 28. Nxe8 Rxe8 29. f4 f6 30. Rd1 fxe5 31. fxe5 Bg4 32. Nf4 1-0

[Event "DVM U20w 2021"]
[Site "Kiel"]
[Date "2022.07.24"]
[Round "3"]
[White "Grining, Maria"]
[Black "Muedder, Melanie"]
[Result "1/2-1/2"]
[ECO "D95"]
[WhiteElo "1750"]
[BlackElo "1865"]
[Annotator "NA RC COMBH"]
[PlyCount "57"]
[EventDate "2022.07.23"]
[EventType "team-tourn"]
[EventRounds "7"]
[EventCountry "GER"]
[SourceTitle "playchess.com"]
[Source "ChessBase"]
[SourceQuality "1"]
[TimeControl "40/5400+30:1800+30"]

1. d4 Nf6 2. Nf3 g6 3. c4 Bg7 4. Nc3 d5 5. e3 O-O 6. Qb3 c6 7. Bd2 Na6 8. Be2 Qd6 9. c5 Qc7 10. Qa3 Nb8 11. b4 Bf5 $11 12. b5 Nbd7 13. Nh4 Bg4 14. f3 Be6 15. f4 Ne4 16. Qb2 Ndf6 17. O-O Nxd2 18. Qxd2 Ne4 19. Qc2 Nxc3 20. Qxc3 Bd7 21. a4 Rac8 22. Rac1 Qd8 23. Nf3 b6 24. Ne5 bxc5 25. dxc5 Be8 26. Rfd1 f6 27. Nxc6 Bxc6 28. bxc6 Rxc6 29. Rxd5 1/2-1/2

[Event "DVM U20w 2021"]
[Site "Kiel"]
[Date "2022.07.24"]
[Round "3"]
[White "Albayrak, Nese Pinar"]
[Black "Peglau, Sarah"]
[Result "1-0"]
[ECO "B12"]
[WhiteElo "1651"]
[BlackElo "1782"]
[Annotator "NA RC COMBH"]
[PlyCount "105"]
[EventDate "2022.07.23"]
[EventType "team-tourn"]
[EventRounds "7"]
[EventCountry "GER"]
[SourceTitle "playchess.com"]
[Source "ChessBase"]
[SourceQuality "1"]
[TimeControl "40/5400+30:1800+30"]

1. e4 c6 2. d4 d5 3. e5 Bf5 4. h4 Qc7 5. Bd3 Bg6 6. Bxg6 hxg6 7. e6 Nf6 8. exf7+ Kxf7 9. Nf3 Nbd7 10. Ng5+ Kg8 11. Qd3 e5 12. Qxg6 Nb6 13. h5 Rh6 14. Qf5 Re8 15. Ne6 Qe7 16. Bxh6 gxh6 17. Nxf8 exd4+ 18. Ne6 Qxe6+ 19. Qxe6+ Rxe6+ 20. Kd1 Ng4 21. Rf1 Nc4 22. Kc1 Nxf2 23. b3 Re2 24. bxc4 dxc4 25. c3 c5 26. a4 b6 27. Ra3 a6 28. Nd2 b5 29. axb5 axb5 30. cxd4 cxd4 31. Ra8+ Kg7 32. Ra7+ Kg8 33. Ra8+ Kg7 34. Ra7+ Kg8 35. Rd7 c3 36. Rxd4 cxd2+ 37. Rxd2 Rxd2 38. Kxd2 Ne4+ 39. Ke3 Ng3 40. Rb1 Nxh5 41. Rxb5 Ng7 42. Kf4 Kh7 43. Rb6 Ne8 44. Rc6 Ng7 45. g4 Ne8 46. Kf5 Kg7 47. Ke5 Kh7 48. Ke6 Ng7+ 49. Kf7 h5 50. g5 Nf5 51. g6+ Kh6 52. g7+ Kg5 53. g8=Q+ 1-0

[Event "DVM U20w 2021"]
[Site "Kiel"]
[Date "2022.07.24"]
[Round "3"]
[White "Rempe, Mieke"]
[Black "Fock, Sana"]
[Result "1/2-1/2"]
[ECO "B92"]
[WhiteElo "1646"]
[BlackElo "1807"]
[Annotator "NA RC COMBH"]
[PlyCount "61"]
[EventDate "2022.07.23"]
[EventType "team-tourn"]
[EventRounds "7"]
[EventCountry "GER"]
[SourceTitle "playchess.com"]
[Source "ChessBase"]
[SourceQuality "1"]
[TimeControl "40/5400+30:1800+30"]

1. e4 c5 2. Nf3 d6 3. d4 cxd4 4. Nxd4 Nf6 5. Nc3 a6 6. Be2 e5 7. Nf3 Be7 8. O-O O-O 9. Qd3 Nbd7 10. Nd5 Nxd5 11. Qxd5 Nc5 12. Be3 Be6 13. Qd2 Qc7 14. Bd3 b5 15. Ne1 $17 Na4 16. b3 Nb6 17. f4 exf4 18. Bxf4 Rac8 19. Nf3 Bf6 20. Rad1 Rfd8 21. Bg5 Bxg5 22. Nxg5 Qc5+ 23. Kh1 Qe5 24. Nxe6 fxe6 25. Qf2 Nd7 26. a4 Nf6 27. axb5 axb5 28. Qf4 Qxf4 29. Rxf4 Rc5 30. Rdf1 Rdc8 31. Kg1 1/2-1/2